 Dungeon Crawl Stone Soup version 0.30.1-4-g462c640d31 (webtiles) character file.

Game seed: 3922077639788463126

105445 Zeor the Eclecticist (level 15, -7/82 HPs)
             Began as a Deep Elf Hexslinger on Aug 17, 2023.
             Was the Champion of Hepliaklqana.
             Killed from afar by an eleionoma (45 damage)
             ... with a spray of wooden splinters
             ... on level 2 of the Lair of Beasts on Aug 19, 2023.
             The game lasted 02:42:32 (27058 turns).

Zeor the Eclecticist (Deep Elf Hexslinger)         Turns: 27058, Time: 02:42:32

Health: -7/82      AC: 11    Str:  4    XL:     15   Next: 94%
Magic:  44/49      EV: 19    Int: 26    God:    Hepliaklqana [******]
Gold:   922        SH:  5    Dex: 19    Spells: 13/52 levels left

rFire   + + .        b - +10 long sword "Lufeanen" {holy, rF+ Will+ Str-3 Int+4}
rCold   + . .        (no shield)
rNeg    . . .        L - +1 troll leather armour
rPois   .            V - +2 helmet
rElec   .            o - scarf {rC+ rF+}
rCorr   .            r - +2 pair of gloves
SInv    .            (no boots)
Will    ++...        B - amulet of Paranoia {Reflect Regen+ SH+5}
Stlth   ++           e - +5 ring of evasion
HPRegen 1.93/turn    j - ring of magical power
MPRegen 0.31/turn

%: reflection
@: about to teleport, portalling projectiles
A: reduced essence
a: Renounce Religion, Recall Ancestor, Ancestor Identity, Transference, Idealise


You were on level 2 of the Lair of Beasts.
You worshipped Hepliaklqana.
Hepliaklqana was exalted by your worship.
You visited 4 branches of the dungeon, and saw 23 of its levels.

You collected 2511 gold pieces.
You spent 1589 gold pieces at shops.

Inventory:

Hand Weapons
 a - the +5 longbow of the Thing {elec, Will+ rCorr Int-2 Stlth+}
   (You acquired it on level 2 of the Orcish Mines)

   Int:       It affects your intelligence (-2).
   rCorr:     It protects you from acid and corrosion.
   Will:      It increases your willpower.
   Stlth:     It makes you more stealthy.
 b - the +10 long sword "Lufeanen" (weapon) {holy, rF+ Will+ Str-3 Int+4}
   (You found it on level 2 of the Dungeon)

   Str:       It affects your strength (-3).
   Int:       It affects your intelligence (+4).
   rF:        It protects you from fire.
   Will:      It increases your willpower.
Missiles
 s - 6 curare-tipped darts
 u - a throwing net
Armour
 o - a scarf of resistance (worn)
 r - a +2 pair of gloves (worn)
 C - a +2 robe of willpower
 E - a +2 robe of fire resistance
 J - a +2 robe of cold resistance
 L - a +1 troll leather armour (worn)
 S - a scarf of repulsion
 V - a +2 helmet (worn)
Magical Staves
 G - the staff of fire "Deudoa" {rF+ rC++ Will+ rCorr}
   (You acquired it on level 2 of the Orcish Mines)

   [staff of fire]

   Base accuracy: +5 Base damage: 5 Base attack delay: 1.2 This weapon's minimum
   attack delay (0.6) is reached at skill level 12.
   rF:        It protects you from fire.
   rC:        It greatly protects you from cold.
   rCorr:     It protects you from acid and corrosion.
   Will:      It increases your willpower.
   It falls into the 'Staves' category.
   It is a one-handed weapon.
Jewellery
 e - a +5 ring of evasion (left hand)
 f - a ring of see invisible
 j - a ring of magical power (right hand)
 z - a ring of wizardry
 B - the amulet of Paranoia (around neck) {Reflect Regen+ SH+5}
   (You found it on level 6 of the Dungeon)

   [amulet of reflection]

   It reflects blocked missile attacks.
   Regen:     It increases your rate of health regeneration.
   SH:        It affects your SH (+5).
 F - a ring of fire
 I - a ring of ice
 K - a ring of flight
 Y - a ring of positive energy
Wands
 l - a wand of light (31)
 x - a wand of polymorph (2)
 H - a wand of digging (7)
Scrolls
 c - 3 scrolls of poison
 d - 5 scrolls of teleportation
 h - 2 scrolls of fear
 q - 6 scrolls of blinking
 w - 11 scrolls of magic mapping
 y - a scroll of enchant weapon
 A - a scroll of enchant armour
 D - 3 scrolls of vulnerability
 M - 3 scrolls of summoning
 P - 4 scrolls of fog
 Q - 2 scrolls of immolation
 U - 2 scrolls of silence
 Z - a scroll of amnesia
Potions
 g - 2 potions of heal wounds
 i - 2 potions of curing
 k - 3 potions of haste
 m - a potion of magic
 n - 5 potions of might
 p - 2 potions of brilliance
 t - 3 potions of berserk rage
 N - a potion of cancellation
 O - 4 potions of resistance
 R - 2 potions of invisibility


   Skills:
 * Level 10.2 Fighting
 + Level 4.3 Long Blades
 + Level 15.6 Ranged Weapons
 + Level 3.4 Armour
 * Level 6.2 Dodging
 + Level 3.3 Stealth
 + Level 1.8 Shields
 * Level 19.2 Spellcasting
 + Level 18.2 Hexes
 + Level 1.8 Summonings
 + Level 4.2 Necromancy
 + Level 5.3 Translocations
 + Level 6.1 Fire Magic
 + Level 0.7 Ice Magic
 + Level 0.6 Air Magic


You had 13 spell levels left.
You knew the following spells:

 Your Spells              Type           Power      Damage    Failure   Level
a - Anguish               Hex/Necr       35%        N/A       1%          4
c - Vhi's Electric Charg  Tloc/Air       80%        N/A       2%          3
d - Dispel Undead         Necr           47%        3d18      4%          4
f - Cause Fear            Hex            44%        N/A       0%          4
h - Ensorcelled Hibernat  Hex/Ice        100%       N/A       1%          2
i - Inner Flame           Hex/Fire       73%        N/A       1%          3
p - Portal Projectile     Hex/Tloc       100%       N/A       1%          3
s - Slow                  Hex            100%       N/A       0%          1
t - Confusing Touch       Hex            88%        N/A       0%          3
v - Summon Mana Viper     Hex/Summ       67%        N/A       1%          5
w - Passwall              Tmut/Erth      20%        N/A       4%          2
x - Silence               Hex/Air        32%        N/A       1%          5

Your spell library contained the following spells:

 Spells                   Type           Power      Damage    Failure   Level
 Kiss of Death            Conj/Necr      100%       2d13      1%          1
 Necrotise                Necr           100%       1d9       1%          1
 Vampiric Draining        Necr           47%        2d9       1%          3
 Passage of Golubria      Tloc           52%        N/A       3%          4
 Frozen Ramparts          Ice            56%        1d9       7%          3
 Swiftness                Air            28%        N/A       7%          3
 Hailstorm                Conj/Ice       26%        3d7       8%          3
 Spider Form              Tmut/Pois      25%        N/A       9%          3
 Agony                    Necr           47%        N/A       14%         5
 Summon Ice Beast         Ice/Summ       31%        N/A       17%         4
 Summon Forest            Summ/Tloc      21%        N/A       19%         5
 Ice Form                 Ice/Tmut       26%        N/A       26%         4
 Arcjolt                  Conj/Air       13%        1d23      58%         5
 Plasma Beam              Fire/Air       21%        2x1d36    75%         6
 Simulacrum               Ice/Necr       19%        N/A       86%         6
 Summon Cactus Giant      Summ           17%        N/A       91%         6
 Conjure Ball Lightning   Conj/Air       13%        3x3d6     99%         6
 Dragon Form              Tmut           12%        N/A       100%        7
 Lehudib's Crystal Spear  Conj/Erth      12%        10d4      100%        8
 Death's Door             Necr           23%        N/A       100%        9
 Dragon's Call            Summ           17%        N/A       100%        9


Dungeon Overview and Level Annotations

Branches:
Dungeon (15/15) Temple (0/1) D:5 Lair (5/5) D:10 Swamp (1/4) Lair:2 Snake (0/4) Lair:2 Slime (0/5) Lair:4 Orc (2/2) D:10 Elf (0/3) Orc:2 Vaults (0/5) D:13 D:14 Depths (0/4) D:15

Altars:
Ashenzari
Cheibriados
Hepliaklqana
Nemelex Xobeh
Qazlal
Sif Muna
Uskayaw
Yredelemnul

Shops:
D:13 ?   Orc:2 [?*

Portals:
Pandemonium: Orc:2

Annotations:
D:2 1 runed translucent door, Crazy Yiuf
D:3 2 transporters
Lair:3 1 runed translucent door, Sazxiawk's ghost, journeyman VSFi
Lair:5 1 runed translucent door


Message History

The eleionoma hurls a spray of splinters at you.
The spray of wooden splinters misses you.
There is a staircase back to the Lair here.
The eleionoma closely misses you.
You climb upwards.
Welcome back to the Lair of Beasts!
There is a staircase to the Swamp here.
You magically shoot an arrow.
The arrow hits the eleionoma!
Lightning courses through the eleionoma!
The eleionoma is heavily wounded.
The eleionoma hurls a spray of splinters at you.
The spray of wooden splinters hits you!!
Okay, then.
The +5 longbow of the Thing {elec, Will+ rCorr Int-2 Stlth+} stops crackling.
You feel weaker.
You feel clever.
The +10 long sword "Lufeanen" {holy, rF+ Will+ Str-3 Int+4} softly glows with a divine radiance!
b - the +10 long sword "Lufeanen" (weapon)
{holy, rF+ Will+ Str-3 Int+4} The eleionoma splashes around in the water.
Okay, then.
You slash the eleionoma!
The eleionoma is heavily wounded.
The eleionoma hits you.
You are too injured to fight recklessly!
You slash the eleionoma!
The eleionoma is severely wounded.
You block the eleionoma's attack.
You hit the eleionoma. You punch the eleionoma.
The eleionoma is severely wounded.
The eleionoma touches a tree and draws upon its vitality.
The eleionoma is healed.
As you read the scroll of teleportation, it crumbles to dust.
You feel strangely unstable.
The eleionoma hurls a spray of splinters at you.
The spray of wooden splinters hits you!!!
* * * LOW HITPOINT WARNING * * *
You feel much better.
The eleionoma hurls a spray of splinters at you.
The spray of wooden splinters hits you!!!
Ouch! That really hurt!
You die...

∙∙∙∙∙∙∙∙∙∙∙∙>∙∙∙♣♣♣∙∙#♣♣♣
∙∙∙∙∙∙∙∙∙∙∙∙∙∙∙♣♣∙∙∙∙##∙♣♣
▒▒▒▒▒▒∙▒▒▒∙▒∙▒▒♣♣∙##♣♣#∙#♣
▒▒▒ ▒▒▒▒▒ ♣♣##≈#~#~♣♣
♣∙∙≈###~##♣ ♣###≈≈#~#∙♣ ▒▒▒
♣♣∙#∙♣♣♣#∙♣ ▒▒▒∙▒
▒▒▒▒♣♣R~~♣♣♣∙∙♣♣
▒▒▒▒▒∙▒∙▒▒▒▒∙∙▒♣e≈~♣♣♣♣##♣
∙∙∙∙∙∙(∙∙∙∙∙∙∙∙♣♣♣♣♣∙####♣
∙∙∙∙∙∙∙∙∙∙∙∙∙∙>∙∙♣♣∙∙∙♣♣♣♣
∙∙∙∙∙∙∙∙∙∙∙∙∙∙∙∙♣♣∙∙∙~~≈≈♣♣
∙∙∙∙∙∙∙∙∙∙∙∙∙∙∙∙∙♣♣~~~~≈≈≈♣
∙∙∙∙∙∙▒▒▒▒∙▒▒▒∙▒♣♣~~~~~~≈≈♣
▒▒∙∙∙∙▒▒P∙▒▒▒▒∙♣♣∙∙∙~~~~≈≈♣
∙∙∙∙∙∙∙∙∙∙∙∙∙∙∙∙♣♣∙∙♣♣♣♣♣♣♣
∙∙∙∙∙∙∙∙∙∙∙∙∙∙∙∙∙∙∙∙∙∙∙∙♣


You could see an eleionoma.

Vanquished Creatures
  Louise (D:15)
  Fannar (Lair:1)
  Erolcha (D:10)
  3 hydras
  A catoblepas (Lair:5)
  2 demonspawn (Orc:2)
  A death knight (D:12)
  6 two-headed ogres
  An ogre mage (D:12)
  A centaur warrior (D:14)
  2 boulder beetles
  A tengu warrior (D:12)
  2 orc high priests (Orc:2)
  A lindwurm (Lair:5)
  5 orc knights
  A deep elf zephyrmancer (D:12)
  3 deep elf pyromancers
  A manticore (D:15)
  5 orc sorcerers (Orc:2)
  5 cyclopes
  7 ugly things
  An oklob plant (Lair:5)
  3 elephants (Lair:5)
  A guardian serpent (shapeshifter) (D:14)
  4 black mambas
  4 torpor snails (Lair:5)
  2 gargoyles
  4 cane toads
  A rust devil (Orc:2)
  Joseph (D:8)
  3 rime drakes
  A freezing wraith (D:15)
  A tengu conjurer (D:15)
  2 kobold demonologists (D:11)
  5 yaktaurs (D:15)
  An efreet (D:13)
  2 komodo dragons
  A red devil (Orc:2)
  A bloated husk (Swamp:1)
  A queen bee (shapeshifter) (D:13)
  3 hornets (Lair:5)
  4 polar bears
  2 trolls
  A troll (shapeshifter) (D:15)
  3 tyrant leeches (Lair:5)
  11 blink frogs
  12 dream sheep
  34 yaks
  4 slime creatures
  3 wraiths
  A wyvern (Lair:5)
  2 shadows (D:13)
  4 vampires
  13 humans (D:14)
  2 steam dragons (D:8)
  3 basilisks
  13 vampire mosquitoes
  Edmund (D:6)
  12 water moccasins
  4 acid dragons
  25 orc warriors
  4 black bears
  3 ice beasts
  10 ogres
  6 centaurs
  2 wolves
  3 phantoms
  5 kobold brigands
  8 bullfrogs
  7 scorpions
  13 wights
  A battlemage (Lair:5)
  A howler monkey (D:11)
  17 orc priests
  4 hounds
  3 iguanas
  A gnoll bouda (D:7)
  Jessica (D:3)
  11 orc wizards
  11 adders
  8 gnolls
  2 ufetubi
  2 dart slugs
  64 orcs
  3 endoplasms
  3 giant cockroaches
  3 goblins (D:2)
  7 hobgoblins
  4 jackals (D:1)
  3 quokkas
  4 ball pythons
  4 bats
  A frilled lizard (D:3)
  23 kobolds
  6 rats
495 creatures vanquished.

Vanquished Creatures (collateral kills)
  Rupert (D:13)
  A great orb of eyes (D:15)
  A hydra (Lair:5)
  A demonspawn (Orc:2)
  A radroach (shapeshifter) (D:15)
  2 centaur warriors
  A boulder beetle (D:13)
  A two-headed ogre (D:11)
  Urug (D:14)
  3 orc high priests (Orc:2)
  A skyshark (Lair:4)
  A deep troll (Lair:1)
  A lindwurm (Lair:2)
  5 orc sorcerers
  3 orc knights
  A manticore (D:12)
  2 elephants (Lair:5)
  2 ugly things (D:15)
  Maurice (D:11)
  A cyclops (D:14)
  6 black mambas
  A guardian serpent (shapeshifter) (D:14)
  An orange demon (Orc:2)
  2 cane toads
  3 komodo dragons (Lair:5)
  Psyche (D:10)
  A kobold demonologist (D:11)
  An efreet (D:12)
  A freezing wraith (D:13)
  2 polar bears
  A hellwing (Orc:2)
  3 hornets (Lair:5)
  3 trolls
  6 dream sheep
  2 slime creatures
  4 blink frogs
  15 yaks
  6 wraiths
  A vampire (D:10)
  3 wyverns
  3 basilisks
  3 humans (D:14)
  7 vampire mosquitoes
  An acid dragon (D:11)
  8 water moccasins
  16 orc warriors
  2 black bears
  2 sky beasts
  3 ogres
  5 wolves
  A centaur (D:13)
  A kobold brigand (D:10)
  9 bullfrogs
  A gnoll sergeant (D:10)
  2 scorpions
  5 wights
  A howler monkey (D:10)
  An electric eel (Lair:5)
  A jelly (D:8)
  5 orc priests
  A hound (D:6)
  3 hell rats (Lair:3)
  2 iguanas
  5 orc wizards
  An adder (D:6)
  3 gnolls
  23 orcs
  7 kobolds
216 creatures vanquished.

Vanquished Creatures (others)
  An orc warlord (Orc:2)
  4 hydras
  A two-headed ogre (D:11)
  Lodul (D:13)
  A lindwurm (Lair:5)
  A manticore (D:12)
  3 black mambas (Lair:2)
  A cane toad (Lair:2)
  A torpor snail (Lair:5)
  A hornet (Lair:5)
  A tyrant leech (Lair:5)
  A shadow (D:12)
  2 yaks
  A basilisk (D:12)
  3 vampire mosquitoes (D:12)
  A swamp worm (Lair:2)
  A hell rat (Lair:3)
  21 battlemagi
  An ancestor (D:6)
  An orc (D:8)
48 creatures vanquished.

Grand Total: 759 creatures vanquished

Notes
Turn   | Place    | Note
-------+----------+-------------------------------------------
     0 | D:1      | Zeor the Deep Elf Hexslinger began the quest for the Orb.
     0 | D:1      | Reached XP level 1. HP: 11/11 MP: 5/5
    47 | D:1      | Reached skill level 1 in Fighting
   470 | D:1      | Reached XP level 2. HP: 16/16 MP: 4/6
   970 | D:2      | Identified the +10 long sword "Lufeanen" {holy, rF+ Will+
                  | Str-3 Int+4}
  1026 | D:2      | Reached skill level 2 in Spellcasting
  1068 | D:2      | Identified the +0 robe of Heresy {+Inv rN++ Str-4}
  1125 | D:2      | Reached XP level 3. HP: 10/20 MP: 8/8
  1185 | D:2      | Learned a level 3 spell: Inner Flame
  1481 | D:2      | Found a faded altar of an unknown god.
  1516 | D:2      | Found a runed translucent door.
  1517 | D:2      | Noticed Crazy Yiuf
  1837 | D:2      | Found a sparkling altar of Nemelex Xobeh.
  2043 | D:3      | Noticed Jessica
  2050 | D:3      | Killed Jessica
  2051 | D:3      | Reached XP level 4. HP: 26/26 MP: 7/10
  2105 | D:3      | Found a transporter.
  2108 | D:3      | Found a hide-covered altar of Uskayaw.
  2111 | D:3      | Found a snail-covered altar of Cheibriados.
  2148 | D:3      | Found a transporter.
  2153 | D:3      | Identified the +6 scale mail "Erafrir" {Rampage rN+ rCorr}
  2225 | D:3      | Reached skill level 1 in Long Blades
  2233 | D:3      | Reached skill level 3 in Spellcasting
  2286 | D:3      | Reached XP level 5. HP: 30/30 MP: 11/11
  2292 | D:3      | Learned a level 3 spell: Portal Projectile
  2762 | D:4      | Reached skill level 5 in Hexes
  2768 | D:4      | Found a hazy altar of Hepliaklqana.
  2777 | D:4      | Became a worshipper of Hepliaklqana the Forgotten
  3256 | D:5      | Entered Level 5 of the Dungeon
  3315 | D:5      | Noticed a black bear
  3317 | D:5      | Reached XP level 6. HP: 36/36 MP: 12/12
  3395 | D:5      | Noticed an ice beast
  3429 | D:5      | Reached skill level 1 in Armour
  3507 | D:5      | Reached skill level 4 in Spellcasting
  3507 | D:5      | Reached XP level 7. HP: 35/41 MP: 13/15
  3632 | D:5      | Reached skill level 5 in Ranged Weapons
  3842 | D:5      | Found a staircase to the Ecumenical Temple.
  3902 | D:5      | Learned a level 4 spell: Cause Fear
  3953 | D:5      | Reached * piety under Hepliaklqana
  4132 | D:5      | Reached XP level 8. HP: 25/42 MP: 17/17
  4503 | D:6      | Found a broken altar of Ashenzari.
  4527 | D:6      | Reached skill level 5 in Spellcasting
  4588 | D:6      | Reached skill level 1 in Stealth
  4885 | D:6      | Noticed Edmund
  4894 | D:6      | Killed Edmund
  4895 | D:6      | Reached skill level 6 in Spellcasting
  5290 | D:6      | Found a basalt altar of Yredelemnul.
  5325 | D:6      | Reached ** piety under Hepliaklqana
  5326 | D:6      | Remembered your ancestor Appius as a battlemage
  5331 | D:6      | Learned a level 3 spell: Confusing Touch
  5550 | D:6      | Reached skill level 7 in Spellcasting
  5605 | D:6      | Reached XP level 9. HP: 46/46 MP: 17/21
  5660 | D:6      | Identified the amulet of Paranoia {Reflect Regen+ SH+5}
  5797 | D:7      | Reached skill level 1 in Fire Magic
  6311 | D:7      | Reached skill level 5 in Fighting
  6716 | D:7      | Found a stormy altar of Qazlal.
  7132 | D:8      | Learned a level 4 spell: Anguish
  7443 | D:8      | Reached skill level 1 in Translocations
  7487 | D:8      | Noticed Joseph
  7495 | D:8      | Killed Joseph
  7496 | D:8      | Reached skill level 8 in Spellcasting
  7725 | D:8      | Reached *** piety under Hepliaklqana
  7829 | D:8      | Reached skill level 10 in Hexes
  7831 | D:8      | Reached XP level 10. HP: 53/53 MP: 0/24
  7839 | D:8      | Noticed a two-headed ogre
  7846 | D:8      | Killed a two-headed ogre
  7847 | D:8      | Reached skill level 9 in Spellcasting
  7982 | D:8      | Learned a level 2 spell: Ensorcelled Hibernation
  8119 | D:8      | Found a shimmering blue altar of Sif Muna.
  8819 | D:9      | Reached skill level 10 in Spellcasting
  9231 | D:9      | Reached skill level 10 in Ranged Weapons
  9340 | D:10     | Entered Level 10 of the Dungeon
  9366 | D:10     | Reached XP level 11. HP: 57/57 MP: 1/27
  9556 | D:10     | Reached **** piety under Hepliaklqana
  9565 | D:10     | Noticed Psyche
  9573 | D:10     | Killed Psyche
  9595 | D:10     | Noticed Erolcha
  9605 | D:10     | Killed Erolcha
  9780 | D:10     | Reached skill level 11 in Spellcasting
  9930 | D:10     | Noticed a two-headed ogre
  9935 | D:10     | Killed a two-headed ogre
 10114 | D:10     | Found a staircase to the Orcish Mines.
 10123 | D:10     | Learned a level 5 spell: Silence
 10292 | D:10     | Found a staircase to the Lair.
 10556 | Lair:1   | Entered Level 1 of the Lair of Beasts
 10589 | Lair:1   | Reached skill level 12 in Spellcasting
 10841 | Lair:1   | Noticed Fannar
 10850 | Lair:1   | Killed Fannar
 10851 | Lair:1   | Reached XP level 12. HP: 42/64 MP: 18/30
 11316 | Lair:1   | Reached ***** piety under Hepliaklqana
 12031 | Lair:2   | Reached skill level 13 in Spellcasting
 12127 | Lair:2   | Reached skill level 1 in Shields
 12127 | Lair:2   | Reached skill level 1 in Necromancy
 12157 | Lair:2   | Noticed a five-headed hydra
 12163 | Lair:2   | Killed a five-headed hydra
 12506 | Lair:2   | Found a staircase to the Snake Pit.
 12580 | Lair:2   | Learned a level 3 spell: Vhi's Electric Charge
 13062 | Lair:2   | Noticed a seven-headed hydra
 13063 | Lair:2   | Noticed an eight-headed hydra
 13068 | Lair:2   | Killed an eight-headed hydra
 13069 | Lair:2   | Reached skill level 14 in Spellcasting
 13081 | Lair:2   | Killed a seven-headed hydra
 13246 | Lair:2   | Found a staircase to the Swamp.
 13594 | Lair:3   | Reached XP level 13. HP: 70/70 MP: 29/33
 13655 | Lair:3   | Found a runed translucent door.
 13657 | Lair:3   | Noticed Sazxiawk's ghost (journeyman VSFi)
 15236 | Lair:4   | HP: 3/70 [poisoned by a black mamba]
 15921 | Lair:4   | Found a staircase to the Slime Pits.
 16006 | Lair:5   | Entered Level 5 of the Lair of Beasts
 16011 | Lair:5   | Reached skill level 15 in Spellcasting
 16109 | Lair:5   | Found a runed translucent door.
 16110 | Lair:5   | Noticed a fire dragon
 16175 | Lair:5   | Reached skill level 15 in Hexes
 16478 | Lair:5   | Paralysed by a hornet for 3 turns
 17269 | Lair:5   | Reached skill level 16 in Spellcasting
 17292 | Lair:5   | Reached XP level 14. HP: 75/75 MP: 4/36
 18438 | D:11     | Reached ****** piety under Hepliaklqana
 18489 | D:11     | Noticed Maurice
 18496 | D:11     | Killed Maurice
 19038 | Orc:1    | Entered Level 1 of the Orcish Mines
 19255 | Orc:1    | You fall into a shaft and drop 1 floor!
 19255 | Orc:2    | Entered Level 2 of the Orcish Mines
 20268 | Orc:2    | Found Joinam's Magic Scroll Emporium.
 20270 | Orc:2    | Found Ceit's General Store.
 20315 | Orc:2    | Noticed an orc warlord
 20336 | Orc:2    | Killed an orc warlord
 20337 | Orc:2    | Reached skill level 17 in Spellcasting
 20339 | Orc:2    | Reached skill level 5 in Translocations
 20692 | Orc:2    | Reached skill level 5 in Fire Magic
 21128 | Orc:2    | Found Nuefuip's Antique Armour Boutique.
 21128 | Orc:2    | Found Ympeh's Book Shop.
 21129 | Orc:2    | Found a one-way gate leading to the halls of Pandemonium.
 21326 | Orc:2    | Found a staircase to the Elven Halls.
 21501 | Orc:2    | Bought a scroll of acquirement for 728 gold pieces
 21503 | Orc:2    | Bought a scroll of acquirement for 728 gold pieces
 21504 | Orc:2    | Acquired the +5 longbow of the Thing {elec, Will+ rCorr
                  | Int-2 Stlth+}
 21507 | Orc:2    | Acquired the staff of fire "Deudoa" {rF+ rC++ Will+ rCorr}
 21887 | D:12     | Reached XP level 15. HP: 70/81 MP: 32/38
 22138 | D:12     | Found the +6 Majin-Bo {spellvamp, MP+6 Int+6}
 22160 | D:12     | Learned a level 5 spell: Summon Mana Viper
 22161 | D:12     | Got the Elucidation of the Wind and Mortification
 22181 | D:12     | Identified the +0 plate armour of Vlad {rF+ Will+ Stlth+}
 22411 | D:12     | Reached skill level 18 in Spellcasting
 23427 | D:13     | Noticed Lodul
 23433 | D:13     | Killed Lodul
 23559 | D:13     | You fall into a shaft and drop 2 floors!
 23559 | D:15     | Entered Level 15 of the Dungeon
 23908 | D:15     | Reached skill level 15 in Ranged Weapons
 24304 | D:14     | Reached skill level 5 in Dodging
 24310 | D:14     | Reached skill level 10 in Fighting
 24312 | D:14     | Noticed Urug
 24314 | D:14     | Reached skill level 1 in Summonings
 24315 | D:14     | Killed Urug
 24493 | D:14     | Found a gate to the Vaults.
 24534 | D:14     | Learned a level 4 spell: Dispel Undead
 25361 | D:13     | Learned a level 2 spell: Passwall
 25455 | D:13     | Found Relug's Magic Scroll Emporium.
 25460 | D:13     | Bought a scroll of teleportation for 57 gold pieces
 25460 | D:13     | Bought a scroll of fog for 76 gold pieces
 25523 | D:13     | Noticed Rupert
 25533 | D:13     | Killed Rupert
 25713 | D:13     | Reached skill level 19 in Spellcasting
 25890 | D:15     | Noticed Louise
 26087 | D:15     | Killed Louise
 26788 | D:15     | Found a staircase to the Depths.
 27034 | Swamp:1  | Entered Level 1 of the Swamp
 27058 | Lair:2   | Killed from afar by an eleionoma

Illustrated notes

Levels and vault maps discovered:
D:1:      ebering_trefoil_twist, layout_basic, minivault_25
D:2:      layout_loops_ring, basic_ecumenical_altar, basic_altar,
          minmay_unequal, uniq_crazy_yiuf_cottage
D:3:      layout_rooms, gammafunk_temple_overflow_arena,
          chequers_serial_rivers_micro_a, kennysheep_generic_room_5,
          uniq_jessica
D:4:      layout_rooms, old_standard_altar, wad_woods_river_04
D:5:      layout_loops_ring, minmay_temple_entry_antechambers,
          minmay_fountain_box, due_unseen_surprise
D:6:      layout_loops_corners, ashenzari_altar_1, amcnicky_altar_gilded,
          uniq_edmund
D:7:      layout_basic, mainiacjoe_overflow_alcove_1,
          hangedman_abyss_or_decor_lesser_grid, chequers_serial_rivers_micro_a
D:8:      layout_basic, kennysheep_mini, nzn_life_drinkers, uniq_joseph
D:9:      layout_roguey [special_room_orc]
D:10:     layout_cave_pools, due_lair_maze_entry_diamond, orc_david_3,
          minmay_liquid_box, minmay_bent, uniq_erolcha, uniq_psyche
D:11:     layout_cave_pools, uniq_maurice
D:12:     minmay_the_grid_square_5x5_3x3
          [minmay_the_grid_square_5x5_checkered_statues,
          minmay_the_grid_square_5x5_bracketed, minmay_the_grid_square_5x5_six,
          minmay_the_grid_square_5x5_tetrominoes,
          minmay_the_grid_square_5x5_megaprize_crossed,
          minmay_the_grid_square_5x5_minimal,
          minmay_the_grid_square_5x5_inner_v, minmay_the_grid_square_5x5_two,
          minmay_the_grid_square_5x5_n_small], layout_layer_cave
D:13:     layout_basic, serial_shops, kennysheep_little_box, kennysheep_potato,
          uniq_lodul, uniq_rupert
D:14:     layout_roguey, david_vaults_3
D:15:     gammafunk_enter_depths_forms, layout_layer_cave, hex_tiny, uniq_louise
Lair:1:   dreamdust_cave_troll, layout_cave_pods, lemuel_fruit_fields,
          serial_bayou_shore_b, uniq_fannar
Lair:2:   cheibrodos_lair_river_kwai, layout_long_grid,
          palyth_hydra_swamp_entry, minmay_snake_entry_six_corridors,
          chequers_serial_rivers_room_b
Lair:3:   layout_small_grid, gammafunk_ghost_grave
Lair:4:   layout_misc_corridors, dpeg_slime_entry_corner, lemuel_fruit_tree,
          serial_bayou_shore_b, grunt_megastairs_4, serial_bayou_shore_b,
          uniq_urug
Lair:5:   wormcave, layout_cave_pods, gammafunk_lair_bear_cave,
          grunt_megastairs_2
Swamp:1:  layout_basic_swamp, evilmike_swamp_ruin_house_2
Orc:1:    layout_caves, basic_altar
Orc:2:    pf_orc_diabolical, layout_caves

Skill      XL: |  1  2  3  4  5  6  7  8  9 10 11 12 13 14 15 |
---------------+----------------------------------------------+-----
Fighting       | 1 2 3 4 5 6 7 8 9 10 | 10.2
Ranged Weapons | 3 4 5 7 8 10 11 12 13 14 15 | 15.6
Spellcasting   | 2 3 4 7 8 10 12 14 16 17 19 | 19.2
Long Blades    | 1 2 3 4 |  4.3
Hexes          | 5 6 8 10 11 12 14 15 17 18 | 18.2
Armour         | 1 2 3 |  3.4
Dodging        | 3 4 6 |  6.2
Stealth        | 1 2 3 |  3.3
Fire Magic     | 2 3 4 5 6 |  6.1
Translocations | 1 2 3 4 5 |  5.3
Shields        | 1 |  1.8
Necromancy     | 2 3 4 |  4.2
Summonings     | 1 |  1.8
Ice Magic      | |  0.7
Air Magic      | |  0.6

Action                     |  1- 3 |  4- 6 |  7- 9 | 10-12 | 13-15 || total
---------------------------+-------+-------+-------+-------+-------++-------
  Melee: Long sword        |    18 |    29 |    35 |    36 |   105 ||   223
         Punch             |       |       |       |     1 |     3 ||     4
   Fire: Sling             |    72 |    61 |       |       |       ||   133
         Shortbow          |       |       |   162 |   344 |   434 ||   940
         Longbow           |       |       |       |       |   245 ||   245
   Cast: Slow              |    19 |    13 |    24 |    20 |    14 ||    90
         Inner Flame       |       |     3 |    30 |    39 |   143 ||   215
         Portal Projectile |       |       |    19 |    27 |    60 ||   106
         Confusing Touch   |       |       |     2 |     1 |     2 ||     5
         Anguish           |       |       |       |    22 |    66 ||    88
         Cause Fear        |       |       |       |     3 |     9 ||    12
         Ensorcelled Hiber |       |       |       |     1 |     5 ||     6
         Vhi's Electric Ch |       |       |       |       |    12 ||    12
         Silence           |       |       |       |       |     1 ||     1
         Summon Mana Viper |       |       |       |       |     6 ||     6
         Dispel Undead     |       |       |       |       |     4 ||     4
 Invoke: Ancestor Life: Ba |       |       |     1 |       |       ||     1
         Recall Ancestor   |       |       |       |       |     5 ||     5
         Idealise          |       |       |       |       |     1 ||     1
  Evoke: Wand              |       |       |       |       |     1 ||     1
    Use: Scroll            |    10 |     8 |     8 |     7 |    12 ||    45
         Potion            |       |     1 |       |     2 |     9 ||    12
   Stab: Distracted        |       |       |       |     1 |     3 ||     4
         Confused          |       |       |       |       |     1 ||     1
 Armour: Robe              |     3 |       |       |       |       ||     3
         Leather armour    |     2 |     9 |    15 |     6 |       ||    32
         Skin              |       |       |       |     1 |       ||     1
         Troll leather arm |       |       |       |    12 |    36 ||    48
  Dodge: Dodged            |    28 |    54 |    55 |    97 |   183 ||   417
  Block: Other             |       |       |     4 |    27 |    43 ||    74
         Reflection        |       |       |     3 |     4 |     8 ||    15
